 Dungeon Crawl Stone Soup version 0.26-a0-660-gc07710193c (webtiles) character file.

Game seed: 9855440655988997138

135 jestyr24 the Conjurer (level 4, 0/33 HPs)
             Began as a Draconian Conjurer on Oct 7, 2020.
             Succumbed to a worker ant's poison
             ... on level 4 of the Dungeon.
             The game lasted 00:12:40 (3069 turns).

jestyr24 the Conjurer (Draconian Conjurer)          Turns: 3069, Time: 00:12:41

Health: 0/33       AC:  6    Str: 10    XL:     4   Next: 96%
Magic:  1/9        EV: 12    Int: 19    God:
Gold:   143        SH:  0    Dex:  9    Spells: 6/9 levels left

rFire    . . .     SeeInvis .   m - +0 dagger (curse)
rCold    . . .     Faith    .   (no shield)
rNeg     . . .     Spirit   .   (armour unavailable)
rPois    .         Reflect  .   (helmet restricted)
rElec    .         Harm     .   (no cloak)
rCorr    .         Rampage  .   j - +0 pair of gloves
MR       .....                  (no boots)
Stlth    ++........             (no amulet)
HPRegen  0.11/turn              (no ring)
MPRegen  0.11/turn              (no ring)

@: lethally poisoned (0 -> -37)
A: unfitting armour, cold-blooded, AC +5
a: no special abilities


You were on level 4 of the Dungeon.
You visited 1 branch of the dungeon, and saw 4 of its levels.

You collected 143 gold pieces.

Inventory:

Hand Weapons
 b - a +0 spear
 e - a +0 dagger
 m - a cursed +0 dagger (weapon)
 q - a +1 short sword
Missiles
 i - 66 stones (quivered)
 n - 8 atropa-tipped darts
Armour
 d - a +0 kite shield
 j - a +0 pair of gloves (worn)
Wands
 p - a wand of paralysis (8)
Scrolls
 a - 9 scrolls of identify {unknown}
 g - 2 scrolls of teleportation {unknown}
 h - a scroll of enchant weapon
Potions
 c - 4 potions of curing {unknown}
 f - a potion of mutation {unknown}
 l - 2 potions of heal wounds {unknown}
 o - a potion of cancellation {unknown}


   Skills:
 * Level 2.5 Dodging
 * Level 2.2 Stealth
 * Level 3.4 Spellcasting
 * Level 4.7 Conjurations


You had 6 spell levels left.
You knew the following spells:

 Your Spells              Type           Power        Failure   Level
a - Magic Dart            Conj           ###.         1%          1
b - Searing Ray           Conj           ###...       3%          2

Your spell library contained the following spells:

 Spells                   Type           Power        Failure   Level
 Dazzling Flash           Conj/Hex       ##....       17%         3
 Fulminant Prism          Conj/Hex       ##........   50%         4
 Iskenderun's Mystic Bla  Conj/Tloc      ##......     50%         4


Dungeon Overview and Level Annotations

Branches:
Dungeon (4/15)             Temple (0/1) D:4

Altars:


Innate Abilities, Weirdness & Mutations

Your plain brown scales are hard. (AC +5)
You cannot fit into any form of body armour.
You are cold-blooded and may be slowed by cold attacks.


Message History

You feel sick. The worker ant bites you!
You are more poisoned.
The worker ant poisons you!
You barely miss the worker ant.
The worker ant is severely wounded.
You feel sick. The worker ant bites you.
* * * LOW HITPOINT WARNING * * *
You are more poisoned.
The worker ant poisons you!
You hit the worker ant.
The worker ant is severely wounded.
* * * LOW HITPOINT WARNING * * *
You feel very sick. The worker ant bites you.
* * * LOW HITPOINT WARNING * * *
You are more poisoned.
The worker ant poisons you!
You hit the worker ant but do no damage.
The worker ant is severely wounded.
You die...

#################.##***
#...................,,*
#.#####...........#**,*
#.# #.#########.# *,*
#.# #.# *,* *,* #.# #.#
*,***,* ***
####.#####.# *,,,,,*
,,* #........#.#
******* ,,*
#.§......#@# ,,*
#§§§§....#B# ,,*
#§§§§.§..#.####### ,,*
#§§§§§(..#.......# ,,*
#§§§§#####..)....#
,,****###### #.......#
,,,,,,,,******
#.......#
,,,,,,,,,,,,,*
#.......#**
,,,,,,,,,,,,,*
#........,*


You could see a worker ant.

Vanquished Creatures
  A worker ant (D:4)
  5 adders
  2 worms (D:2)
  4 leopard geckos
  6 bats
  3 giant cockroaches (D:2)
  5 goblins
  4 hobgoblins
  5 jackals
  2 quokkas (D:3)
  9 frilled lizards
  4 kobolds
  9 rats
59 creatures vanquished.

Notes
Turn   | Place    | Note
-------+----------+-------------------------------------------
     0 | D:1      | jestyr24 the Draconian Conjurer began the quest for the
                  | Orb.
     0 | D:1      | Reached XP level 1. HP: 14/14 MP: 3/3
   303 | D:1      | Reached XP level 2. HP: 20/20 MP: 0/5
   888 | D:2      | Reached XP level 3. HP: 26/26 MP: 3/6
  1367 | D:2      | Learned a level 2 spell: Searing Ray
  1555 | D:2      | Reached XP level 4. HP: 33/33 MP: 5/8
  3068 | D:4      | HP: 1/33 [worker ant (5)]
  3069 | D:4      | Succumbed to a worker ant's poison

Illustrated notes

Levels and vault maps discovered:
D:1:      nagdon_arrival_double_spiral, layout_rooms, skrybe_limestone_x
D:2:      layout_basic
D:3:      layout_loops_cross
D:4:      layout_basic, minmay_temple_entry_junction, portal_sewer_entry_b

Skill      XL: |  1  2  3  4 |
---------------+-------------+-----
Dodging        | 2 |  2.5
Stealth        | 2 |  2.2
Spellcasting   | 3 |  3.4
Conjurations   | |  4.7

Action                   |  1- 3 |  4- 6 || total
-------------------------+-------+-------++-------
Melee: Spear             |     9 |       ||     9
       Unarmed           |     1 |       ||     1
       Dagger            |    14 |    11 ||    25
 Cast: Magic Dart        |    60 |    22 ||    82
       Searing Ray       |     2 |     7 ||     9
  Use: Scroll            |       |     4 ||     4
Armor: Skin              |    16 |     8 ||    24
Dodge: Dodged            |    16 |    10 ||    26

Table legend: (Time is in decaauts)
 A = Elapsed time spent in this place.
 B = Non-inter-level travel time spent in this place.
 C = Inter-level travel time spent in this place.
 D = Time resting spent in this place.
 E = Time spent auto-exploring this place.
 F = Levels seen in this place.
 G = Mean time per level.
                   A        B        C        D        E       F      G
               +--------+--------+--------+--------+--------+-----+--------+
         Total |   3102 |   2965 |    137 |    684 |   1529 |   4 |  775.5 |
       Dungeon |   3102 |   2965 |    137 |    684 |   1529 |   4 |  775.5 |
               +--------+--------+--------+--------+--------+-----+--------+

Top non-repeatable levels by time:
     D:2: 1533 daAuts
     D:1: 799 daAuts
     D:3: 700 daAuts
     D:4: 68 daAuts
